 Dungeon Crawl Stone Soup version 0.30.1-11-g7821555f0a (webtiles) character file.

Game seed: 15377791880212117685

2159 Draco the Cudgeller (level 9, 0/67 (74) HPs)
             Began as a Purple Draconian Berserker on Nov 18, 2023.
             Was an Elder of Trog.
             Slain by a wight
             ... wielding a +5 spear of freezing
              (5 damage)
             ... on level 7 of the Dungeon.
             The game lasted 00:37:13 (7294 turns).

Draco the Cudgeller (Purple Draconian Berserker)    Turns: 7294, Time: 00:37:18

HP:   0/67 (74)     AC: 11    Str: 23    XL:     9   Next: 10%
MP:   0/9           EV: 16    Int:  9    God:    Trog [****..]
Gold: 218           SH: 14    Dex: 10    Spells: 8/8 levels left

rFire   . . .        C - +2 mace (vamp)
rCold   . . .        w - +2 tower shield {reflect}
rNeg    . . .        (body armour unavailable)
rPois   .            (helmet restricted)
rElec   .            B - +1 cloak
rCorr   .            (no gloves)
SInv    .            h - +1 pair of boots
Will    +....        D - amulet of guardian spirit
Stlth   ++           l - +5 ring of evasion
HPRegen 0.31/turn    (no ring)
MPRegen 0.11/turn

%: reflection, guardian spirit
@: about to teleport, on berserk cooldown, slowed, drained, very slow
A: breathe power, AC +7, unfitting armour, cold-blooded
a: Breathe Dispelling Energy, Renounce Religion, Berserk, Trog's Hand, Brothers
in Arms


You were on level 7 of the Dungeon.
You worshipped Trog.
Trog was greatly pleased with you.
You visited 2 branches of the dungeon, and saw 8 of its levels.

You collected 324 gold pieces.
You spent 106 gold pieces at shops.

Inventory:

Hand Weapons
 a - a +0 mace
 o - a +4 quarterstaff of chaos
 r - a +2 short sword of speed
 z - a +2 scimitar
 A - a +3 long sword
 C - a +2 vampiric mace (weapon)
Missiles
 v - 3 atropa-tipped darts (quivered)
Armour
 h - a +1 pair of boots (worn)
 q - a +0 cloak of preservation
 w - a +2 tower shield of reflection (worn)
 B - a +1 cloak (worn)
Jewellery
 l - a +5 ring of evasion (left hand)
 y - a +6 ring of dexterity
 D - an amulet of guardian spirit (around neck)
Wands
 n - a wand of flame (19)
 E - a wand of light (11)
Scrolls
 b - 4 scrolls of teleportation
 d - a scroll of silence {unknown}
 f - a scroll of fear
 g - 3 scrolls of blinking
 k - 2 scrolls of amnesia
 F - a scroll of enchant armour
 H - a scroll of brand weapon
Potions
 c - 7 potions of curing {unknown}
 e - 3 potions of haste {unknown}
 i - 3 potions of mutation {unknown}
 j - 2 potions of brilliance {unknown}
 m - a potion of lignification {unknown}
 p - 4 potions of ambrosia {unknown}
 s - 2 potions of cancellation {unknown}
 t - 2 potions of heal wounds {unknown}
 u - a potion of might {unknown}
 x - 2 potions of flight {unknown}
 G - 2 potions of berserk rage {unknown}


   Skills:
 + Level 5.6 Fighting
 + Level 4.3 Short Blades
 + Level 6.6 Maces & Flails
 + Level 6.0 Dodging
 + Level 3.0 Stealth
 + Level 4.9 Shields


You had 8 spell levels left.
You didn't know any spells.
Your spell library contained the following spells:

 Spells                   Type           Power      Damage    Failure   Level
 Slow                     Hex            0%         N/A       91%         1
 Confusing Touch          Hex            0%         N/A       100%        3
 Vampiric Draining        Necr           0%         2d6       100%        3


Dungeon Overview and Level Annotations

Branches:
Dungeon (7/15)             Temple (1/1) D:4

Altars:
Ashenzari
Dithmenos
Elyvilon
Fedhas
Gozag
Kikubaaqudgha
Makhleb
Okawaru
Qazlal
Ru
Sif Muna
Uskayaw
Wu Jian
The Shining One

Shops:
D:4 (


Innate Abilities, Weirdness & Mutations

You can breathe bolts of dispelling energy.
Your rich purple scales are hard. (AC +7)
You cannot fit into any form of body armour.
You are cold-blooded and may be slowed by cold attacks.


Message History

The wight hits you from afar with a +0 halberd!
You feel drained. The kobold brigand misses you.
The wight hits you but does no damage.
You barely miss the kobold brigand. The kobold barely misses you.
You block the kobold brigand's attack. The wight misses you.
You block the wight's attack.
A steam dragon comes into view.
You block the kobold's attack. The kobold misses you.
The kobold completely misses you. The wight completely misses you.
You block the wight's attack. You block the kobold brigand's attack.
You hit the kobold brigand.
You feel better.
Your tail-slap misses the kobold brigand.
The kobold brigand is lightly wounded.
You block the kobold's attack.
The kobold brigand hits you with a +0 whip.
You block the wight's attack. x2; The kobold closely misses you.
You block the kobold brigand's attack. You block the wight's attack.
The kobold closely misses you. x2
The wight hits you from afar with a +5 spear of freezing!
* * * LOW HITPOINT WARNING * * *
You feel drained.
You feel as though you will be slow longer.
The wight freezes you.
* * * LOW HITPOINT WARNING * * *
The steam dragon breathes steam at you.
The ball of steam hits the kobold!
The kobold dies!
The ball of steam hits you.
* * * LOW HITPOINT WARNING * * *
Read: scroll of fear
Press: ? - help, Q - select action, (/) - cycle Dir - look around, f - activate Look: a kobold brigand, wielding a +0 whip and quivering poisoned darts (lightly wounded, chance to affect: 97%)
Okay, then.
As you read the scroll of teleportation, it crumbles to dust.
You feel strangely unstable.
You are engulfed in a cloud of scalding steam.
* * * LOW HITPOINT WARNING * * *
You block the kobold's attack. You block the kobold brigand's attack.
The wight hits you from afar with a +5 spear of freezing.
You die...

....... ....... ..D§...
......... ..§.... .........
....... ........ ...
#........§.. .......#.z.z...
#...<.....§###W.....#.......
#.........K@##.F...Fzz......
#.........K)##.#+#S.#.......
#.........#zz..#....z.......
#..........z......#.#.......
#...................'.......
#.....##............#.......
#.............####.......###
+.........................#
##.......................>...


You could see a kobold brigand, 3 wights and a kobold.

Vanquished Creatures
  Grinder (D:4)
  A water moccasin (D:7)
  Duvessa (D:5)
  An ice beast (D:6)
  An ogre (D:4)
  A phantom (D:7)
  3 bullfrogs
  3 scorpions
  4 wights
  Dowan (D:5)
  4 hounds
  2 jellies (D:5)
  Crazy Yiuf (D:6)
  2 orc priests
  2 sleepcaps
  4 iguanas
  7 orc wizards
  A river rat (D:5)
  10 adders
  2 shadow imps
  2 white imps
  2 ufetubi
  5 dart slugs
  27 orcs
  7 ball pythons
  7 endoplasms
  4 giant cockroaches
  9 goblins
  6 hobgoblins
  4 jackals (D:4)
  10 kobolds
  7 quokkas
  15 bats
  3 frilled lizards
  9 rats
169 creatures vanquished.

Vanquished Creatures (others)
  A kobold (D:7)
1 creature vanquished.

Grand Total: 170 creatures vanquished

Notes
Turn   | Place    | Note
-------+----------+-------------------------------------------
     0 | D:1      | Draco the Draconian Berserker began the quest for the Orb.
     0 | D:1      | Reached XP level 1. HP: 19/19 MP: 1/1
   234 | D:1      | Reached XP level 2. HP: 25/26 MP: 2/2
  1035 | D:2      | Reached XP level 3. HP: 29/33 MP: 3/3
  1140 | D:2      | Reached ** piety under Trog
  1609 | D:3      | Reached XP level 4. HP: 40/40 MP: 4/4
  1939 | D:3      | Reached XP level 5. HP: 45/46 MP: 5/5
  2033 | D:3      | Reached skill level 1 in Stealth
  2266 | D:3      | Reached skill level 1 in Short Blades
  2378 | D:3      | Reached XP level 6. HP: 46/52 MP: 6/6
  2849 | D:4      | Reached skill level 1 in Shields
  2954 | D:4      | Your scales start taking on a rich purple colour.
  2954 | D:4      | Reached XP level 7. HP: 60/60 MP: 7/7
  3457 | D:4      | Found a sacrificial altar of Ru.
  3504 | D:4      | Reached *** piety under Trog
  3630 | D:4      | Found a staircase to the Ecumenical Temple.
  3834 | D:4      | Noticed Grinder
  3844 | D:4      | Killed Grinder
  3845 | D:4      | Reached skill level 5 in Fighting
  3845 | D:4      | Reached skill level 5 in Dodging
  4271 | D:4      | Found Taqir's Weapon Emporium.
  4283 | D:4      | Bought a +1 mace of protection for 106 gold pieces
  4285 | D:4      | Found a blossoming altar of Fedhas.
  4584 | D:5      | Entered Level 5 of the Dungeon
  4668 | D:5      | Reached XP level 8. HP: 68/68 MP: 5/8
  5090 | D:5      | Found a white marble altar of Elyvilon.
  5104 | D:5      | Noticed Duvessa
  5290 | D:5      | Noticed Dowan
  5504 | D:5      | Killed Duvessa
  5505 | D:5      | Reached skill level 5 in Maces & Flails
  5506 | D:5      | Killed Dowan
  6033 | Temple   | Entered the Ecumenical Temple
  6033 | Temple   | Found a transporter.
  6033 | Temple   | Found a transporter.
  6035 | Temple   | Found a transporter.
  6035 | Temple   | Found a transporter.
  6310 | D:6      | Found a runed translucent door.
  6311 | D:6      | Noticed Crazy Yiuf
  6319 | D:6      | Killed Crazy Yiuf
  7271 | D:7      | Reached XP level 9. HP: 74/74 MP: 9/9
  7281 | D:7      | Reached **** piety under Trog
  7294 | D:7      | Slain by a wight

Illustrated notes

Levels and vault maps discovered:
D:1:      spicycebolla_arrival_transporter_tutorial, layout_loops_ring,
          minivault_14
D:2:      layout_loops_ring
D:3:      layout_basic, hangedman_feature_mirror, roderic_batcave
D:4:      layout_basic, nicolae_overflow_hidden_temple, nicolae_ru_awakened_eye,
          minmay_temple_entry_from_below_b, serial_shops, shop, uniq_grinder
D:5:      layout_gridville, elyvilon_altar_1, gup_sewer_entry_bubbles,
          minmay_pentangle, uniq_duvessa
D:6:      layout_cave_pods, uniq_crazy_yiuf_cottage
D:7:      kennysheep_steamy, layout_basic, nicolae_yredelemnul_corpse_copse,
          uniq_menkaure
Temple:   hellmonk_temple_divided_pantheon

Skill      XL: |  1  2  3  4  5  6  7  8  9 |
---------------+----------------------------+-----
Dodging        | 3 4 5 6 |  6.0
Maces & Flails | 4 6 |  6.6
Fighting       | 4 5 |  5.6
Stealth        | 1 2 3 |  3.0
Short Blades   | 1 2 4 |  4.3
Shields        | 1 3 4 |  4.9

Action                     |  1- 3 |  4- 6 |  7- 9 || total
---------------------------+-------+-------+-------++-------
  Melee: Mace              |    64 |       |   189 ||   253
         Tailslap          |     4 |    17 |    41 ||    62
         Short sword       |    11 |   192 |   162 ||   365
         Punch             |       |     2 |       ||     2
 Invoke: Berserk           |     1 |     5 |     9 ||    15
    Use: Scroll            |       |       |    12 ||    12
   Stab: Sleeping          |     1 |       |     3 ||     4
 Armour: Skin              |    24 |    63 |    92 ||   179
  Dodge: Dodged            |    33 |   112 |   188 ||   333
  Block: Tower shield      |       |    48 |   260 ||   308
         Reflection        |       |       |     3 ||     3
